 Dungeon Crawl Stone Soup version 0.26-a0-1138-gef23d1325b (webtiles) character file.

Game seed: 3073018944804779888

3829 Froggeryz the Cleaver (level 9, -6/71 HPs)
             Began as a Demigod Gladiator on Dec 21, 2020.
             Mangled by a centaur warrior
             ... wielding a +3 hand axe of flaming
              (8 damage)
             ... on level 8 of the Dungeon.
             The game lasted 00:08:01 (7378 turns).

Froggeryz the Cleaver (Demigod Gladiator)           Turns: 7378, Time: 00:08:02

Health: -6/71      AC: 13    Str: 23    XL:     9   Next: 65%
Magic:  0/11       EV:  9    Int: 12    God:
Gold:   548        SH: 13    Dex: 17    Spells: 8/8 levels left

rFire    + . .     SeeInvis .   F - +1 broad axe (pain)
rCold    . . .     Faith    .   f - +2 kite shield {rPois}
rNeg     . . .     Spirit   +   s - +0 scale mail
rPois    +         Reflect  .   c - +0 helmet
rElec    .         Harm     .   A - +0 cloak (curse)
rCorr    .         Rampage  .   t - +0 pair of gloves
Will     .....                  (no boots)
Stlth    ..........             q - amulet of guardian spirit
HPRegen  0.21/turn              r - ring of protection from fire
MPRegen  0.12/turn              v - +4 ring of protection

@: brilliant
A: high mp 1
a: no special abilities


You were on level 8 of the Dungeon.
You visited 1 branch of the dungeon, and saw 8 of its levels.

You collected 548 gold pieces.

Inventory:

Hand Weapons
 F - a +1 broad axe of pain (weapon)
Missiles
 d - 3 throwing nets (quivered)
 g - 29 poisoned darts
Armour
 c - a +0 helmet (worn)
 f - a +2 kite shield of poison resistance (worn)
 s - a +0 scale mail (worn)
 t - a +0 pair of gloves (worn)
 A - a cursed +0 cloak (worn)
Jewellery
 q - an amulet of guardian spirit (around neck)
 r - a ring of protection from fire (left hand)
 v - a +4 ring of protection (right hand)
Wands
 a - a wand of random effects (14)
 j - a wand of acid (3)
 C - a wand of flame (18)
Scrolls
 e - 6 scrolls of identify
 h - a scroll of fog {unknown}
 i - 2 scrolls of teleportation
 l - 2 scrolls of amnesia {unknown}
 m - 3 scrolls of noise {unknown}
 n - 2 scrolls of magic mapping {unknown}
 o - 3 scrolls of remove curse
 x - a scroll of fear {unknown}
 y - 2 scrolls of enchant armour {unknown}
 D - 3 scrolls of enchant weapon {unknown}
 E - a scroll of blinking {unknown}
Potions
 b - a potion of heal wounds {unknown}
 k - a potion of invisibility {unknown}
 p - 2 potions of lignification
 u - a potion of degeneration {unknown}
 w - a potion of brilliance
 z - a potion of cancellation {unknown}
 B - a potion of mutation {unknown}
 G - a potion of curing


   Skills:
 + Level 4.0 Fighting
 * Level 11.1 Axes
 - Level 1.7 Throwing
 - Level 2.6 Dodging
 - Level 6.3 Shields


You had 8 spell levels left.
You didn't know any spells.
Your spell library contained the following spells:

 Spells                   Type           Power        Failure   Level
 Animate Skeleton         Necr           0%           95%         1
 Apportation              Tloc           0%           95%         1
 Corona                   Hex            0%           95%         1
 Pain                     Necr           0%           95%         1
 Ensorcelled Hibernation  Hex/Ice        0%           99%         2
 Slow                     Hex            0%           99%         2
 Confusing Touch          Hex            0%           100%        3
 Dazzling Flash           Conj/Hex       0%           100%        3
 Inner Flame              Hex/Fire       0%           100%        3
 Lesser Beckoning         Tloc           0%           100%        3
 Portal Projectile        Hex/Tloc       0%           100%        3
 Tukima's Dance           Hex            0%           100%        3
 Vampiric Draining        Necr           0%           100%        3
 Animate Dead             Necr           0%           100%        4
 Cause Fear               Hex            0%           100%        4
 Leda's Liquefaction      Hex/Erth       0%           100%        4
 Agony                    Necr           0%           100%        5
 Alistair's Intoxication  Tmut/Pois      0%           100%        5
 Invisibility             Hex            0%           100%        6


Dungeon Overview and Level Annotations

Branches:
Dungeon (8/15)             Temple (0/1) D:5
   Lair: D:8-11


Innate Abilities, Weirdness & Mutations

You have an increased reservoir of magic. (+10% MP)


Message History

You barely miss the centaur warrior.
The centaur warrior is heavily wounded.
You block the centaur warrior's attack.
The centaur warrior hits you with a +3 hand axe of flaming.
* * * LOW HITPOINT WARNING * * *
You slash the centaur warrior!
The centaur warrior is severely wounded.
The centaur warrior hits you with a +3 hand axe of flaming!
* * * LOW HITPOINT WARNING * * *
Okay, then.
It was a potion of brilliance.
You feel clever all of a sudden. You block the centaur warrior's attack.
It was a potion of magic.
Magic courses through your body.
The centaur warrior hits you with a +3 hand axe of flaming!
* * * LOW HITPOINT WARNING * * *
The centaur warrior burns you.
* * * LOW HITPOINT WARNING * * *
The centaur warrior hits you with a +3 hand axe of flaming!
You die...

#...## ###..##
##...# ####
#.#.##### #.......#
#..รท###...#
##..#..###..
##.#.#.#..###
#..#.#c###..###
##.##.#@#(###..###
##.###.#.(...###..#
##..#
#.#.#.###..##..#
#..## #.#.###..###
..# ##.##
..#.#..### #..
##..# .#..### #.#
#. #..#####..####
T.# ##.###.....#
).# ##..#.......#
#.#


You could see a centaur warrior.

Vanquished Creatures
  A two-headed ogre (D:8)
  Maggie (D:7)
  An efreet (D:8)
  2 ice beasts
  A sky beast (D:6)
  A black bear (D:7)
  3 phantoms
  7 ogres
  A necrophage (D:8)
  A bullfrog (D:7)
  A scorpion (D:8)
  8 wights
  A howler monkey (D:4)
  A centaur zombie (D:8)
  2 jellies
  2 centaur skeletons (D:4)
  4 orc priests
  4 hounds
  2 orc wizards
  A gnoll shaman (D:4)
  2 bullfrog skeletons
  2 iguanas
  5 worker ants
  A howler monkey zombie (D:5)
  5 gnolls (D:4)
  4 adders
  A shadow imp (D:6)
  2 white imps
  An ufetubus (D:6)
  An ooze (D:4)
  An adder skeleton (D:6)
  2 worms
  3 dart slugs
  5 leopard geckos
  23 orcs
  4 giant cockroaches
  4 goblins
  5 hobgoblins
  6 jackals (D:7)
  7 kobolds
  5 quokkas
  2 ball pythons
  2 bats
  7 frilled lizards
  A jackal skeleton (D:6)
  7 rats
153 creatures vanquished.

Notes
Turn   | Place    | Note
-------+----------+-------------------------------------------
     0 | D:1      | Froggeryz the Demigod Gladiator began the quest for the
                  | Orb.
     0 | D:1      | Reached XP level 1. HP: 17/17 MP: 3/3
   211 | D:1      | Reached skill level 3 in Axes
   310 | D:1      | Reached XP level 2. HP: 24/24 MP: 4/4
  1074 | D:2      | Found an opulent altar of Gozag.
  1080 | D:2      | Found a stormy altar of Qazlal.
  1337 | D:2      | Found a radiant altar of Vehumet.
  1392 | D:2      | Reached XP level 3. HP: 14/29 MP: 5/5
  2075 | D:3      | Reached skill level 1 in Shields
  2079 | D:3      | Reached skill level 4 in Axes
  2144 | D:3      | Found a faded altar of an unknown god.
  2227 | D:3      | Reached XP level 4. HP: 36/36 MP: 6/6
  2915 | D:4      | Reached XP level 5. HP: 39/41 MP: 5/7
  2926 | D:4      | Reached skill level 5 in Axes
  2952 | D:4      | Noticed an ogre
  2981 | D:4      | Killed an ogre
  3010 | D:4      | Reached XP level 6. HP: 26/48 MP: 5/8
  3016 | D:4      | HP: 1/48 [howler monkey (5)]
  3208 | D:4      | Reached skill level 6 in Axes
  3618 | D:4      | Found a basalt altar of Yredelemnul.
  3619 | D:4      | Found a shadowy altar of Dithmenos.
  3619 | D:4      | Found a burning altar of Makhleb.
  3659 | D:4      | Reached XP level 7. HP: 36/53 MP: 5/9
  3847 | D:4      | Found a sparkling altar of Nemelex Xobeh.
  3858 | D:4      | Reached skill level 7 in Axes
  3988 | D:5      | Entered Level 5 of the Dungeon
  4473 | D:5      | Found a staircase to the Ecumenical Temple.
  4617 | D:6      | Got a crude golden amulet
  4621 | D:6      | Identified the amulet of Suspicion {Inacc rN++ Int-4} (You
                  | found it on level 6 of the Dungeon)
  4938 | D:6      | Found a basalt altar of Yredelemnul.
  5040 | D:6      | Reached skill level 8 in Axes
  5040 | D:6      | Reached XP level 8. HP: 60/60 MP: 10/10
  5240 | D:6      | Reached skill level 5 in Shields
  5677 | D:6      | Found a hide-covered altar of Uskayaw.
  5746 | D:7      | Reached skill level 9 in Axes
  6071 | D:7      | Noticed Maggie
  6092 | D:7      | Killed Maggie
  6234 | D:7      | Reached XP level 9. HP: 45/67 MP: 6/11
  6344 | D:7      | Found an ancient bone altar of Kikubaaqudgha.
  6417 | D:7      | Found an iron altar of Okawaru.
  6430 | D:7      | Found an ornate altar of the Wu Jian Council.
  6430 | D:7      | Found a snail-covered altar of Cheibriados.
  6437 | D:7      | Found a shimmering blue altar of Sif Muna.
  6444 | D:7      | Found a broken altar of Ashenzari.
  6869 | D:8      | Reached skill level 10 in Axes
  6885 | D:8      | Noticed a two-headed ogre
  6893 | D:8      | Killed a two-headed ogre
  7137 | D:8      | Noticed an efreet
  7149 | D:8      | Killed an efreet
  7150 | D:8      | Reached skill level 11 in Axes
  7363 | D:8      | Noticed a centaur warrior
  7378 | D:8      | HP: 3/71 [centaur warrior/+3 hand axe of flaming (4)]
  7378 | D:8      | Mangled by a centaur warrior

Illustrated notes

Levels and vault maps discovered:
D:1:      minmay_arrival_widening_spiral_wide, layout_basic, minivault_24,
          minmay_misc_feat_hallway, st_stairs_13, dk_noncrumbling_4,
          minmay_3d_cube
D:2:      layout_loops_cross, general_overflow_altar,
          amethyst_overflow_temple_binary, minmay_splitting_lines
D:3:      layout_loops_ring, chequers_ecumenical_altar_twisty
D:4:      layout_cave_pools, grunt_temple_overflow_open,
          nemelex_dance_club_becter
D:5:      layout_rooms, minmay_temple_entry_offerings
D:6:      layout_loops_ring, lemuel_coloured_pillars_altar,
          yredelemnul_altar_generic
D:7:      layout_basic, kennysheep_mini, minmay_overflow_temple_star_hex,
          uniq_maggie
D:8:      minmay_the_grid_triangle_9x9_recursive_2
          [minmay_the_grid_triangle_9x9_prize_schism,
          minmay_the_grid_triangle_9x9_windchime,
          minmay_the_grid_triangle_9x9_descending_squares,
          minmay_the_grid_triangle_9x9_semitri], layout_cave_pods, uniq_grum

Skill      XL: |  1  2  3  4  5  6  7  8  9 |
---------------+----------------------------+-----
Axes           | 3 4 5 6 8 9 11 | 11.1
Shields        | 1 2 3 4 6 |  6.3
Fighting       | 4 |  4.0
Throwing       | |  1.7
Dodging        | |  2.6

Action                   |  1- 3 |  4- 6 |  7- 9 || total
-------------------------+-------+-------+-------++-------
Melee: War axe           |   103 |   116 |   245 ||   464
       Broad axe         |       |       |    95 ||    95
Throw: Dart              |       |    10 |     3 ||    13
Evoke: Wand              |       |       |     4 ||     4
  Use: Scroll            |       |     3 |     2 ||     5
       Potion            |       |     1 |     2 ||     3
 Stab: Sleeping          |     1 |       |       ||     1
Armor: Leather armour    |    20 |       |       ||    20
       Scale mail        |    17 |    68 |   117 ||   202
Dodge: Dodged            |    67 |    92 |    99 ||   258
Block: Kite shield       |     5 |       |   175 ||   180

Table legend: (Time is in decaauts)
 A = Elapsed time spent in this place.
 B = Non-inter-level travel time spent in this place.
 C = Inter-level travel time spent in this place.
 D = Time resting spent in this place.
 E = Time spent auto-exploring this place.
 F = Levels seen in this place.
 G = Mean time per level.
                   A        B        C        D        E       F      G
               +--------+--------+--------+--------+--------+-----+--------+
         Total |   7499 |   7254 |    245 |   1507 |   4393 |   8 |  937.4 |
       Dungeon |   7499 |   7254 |    245 |   1507 |   4393 |   8 |  937.4 |
               +--------+--------+--------+--------+--------+-----+--------+

Top non-repeatable levels by time:
     D:4: 1255 daAuts
     D:2: 1175 daAuts
     D:7: 1136 daAuts
     D:6: 1010 daAuts
     D:1: 934 daAuts
     D:3: 846 daAuts
     D:5: 609 daAuts
     D:8: 531 daAuts
